 Dungeon Crawl Stone Soup version 0.21.1-1-g345015fe64 (webtiles) character file.

45525 Htamos the Protected (level 14, -19/133 HPs)
             Began as a Minotaur Fighter on July 14, 2018.
             Was the Champion of Qazlal.
             Killed from afar by Aizul (27 damage)
             ... with a poison arrow
             ... on level 1 of the Elven Halls.
             The game lasted 00:41:27 (18276 turns).

Htamos the Protected (Minotaur Fighter)            Turns: 18276, Time: 00:41:28

Health: -19/133    AC: 26    Str: 23 (24) XL:     14   Next: 1%
Magic:  0/13       EV:  5    Int:  5      God:    Qazlal [******]
Gold:   16         SH: 28    Dex: 11 (12) Spells: 13/13 levels left

rFire    . . .     SeeInvis .   y - +3 flail (crush)
rCold    . . .     Gourm    .   H - +0 large shield
rNeg     + + .     Faith    +   q - +2 plate armour {rN+}
rPois    .         Spirit   +   P - +2 hat of the Bear Spirit {Spirit, +Rage rN+ MR++}
rElec    .         Reflect  .   s - +0 cloak
rCorr    .         Harm     .   v - +0 pair of gloves
MR       +++..     Rnd*Tele +   (no boots)
Stlth    ..........             h - amulet of faith
HPRegen  0.32/turn              e - ring of stealth
MPRegen  0.13/turn              E - +3 ring of slaying

@: lethally poisoned (-19 -> -119), repel missiles
A: retaliatory headbutt, hooves 1, horns 2, yellow scales 1, deterioration 1,
teleportitis 1
a: Upheaval, Elemental Force, Disaster Area, Renounce Religion, Evoke Berserk
Rage


You were on level 1 of the Elven Halls.
You worshipped Qazlal.
Qazlal was exalted by your worship.
You were hungry.

You visited 4 branches of the dungeon, and saw 16 of its levels.
You also visited: Ossuary.

You collected 993 gold pieces.
You spent 977 gold pieces at shops.

Inventory:

Hand Weapons
 a - a +0 flail
 g - a +0 hunting sling
 r - a +1 dagger of venom
 u - a -1 flail
 y - a +3 flail of crushing (weapon)
 z - a cursed -3 battleaxe
 S - the +3 hunting sling of Tiobuwnu {speed, rC+ Str+4 Stlth+}
   (You found it on level 11 of the Dungeon)

   Attacks with this weapon are significantly faster.
   It affects your strength (+4).
   It protects you from cold.
   It makes you more stealthy.
Missiles
 m - 345 stones (quivered)
 D - 52 sling bullets
Armour
 b - a +0 scale mail
 c - a +0 shield
 o - a +1 plate armour
 q - a +2 plate armour of positive energy (worn)
 s - a +0 cloak (worn)
 v - a +0 pair of gloves (worn)
 H - a +0 large shield (worn)
 P - the +2 hat of the Bear Spirit (worn) {Spirit, +Rage rN+ MR++}
   (You bought it in a shop on level 2 of the Orcish Mines)

   It protects you from negative energy.
   It affects your resistance to hostile enchantments.
   It lets you go berserk.
Jewellery
 e - a ring of stealth (left hand)
 h - an amulet of faith (around neck)
 j - an uncursed ring of fire {unknown}
 E - a +3 ring of slaying (right hand)
 I - an uncursed amulet of magic regeneration
 Q - a +2 ring of intelligence {unknown}
Wands
 w - a wand of random effects (32)
 K - a wand of paralysis (23)
 L - a wand of polymorph (13)
 U - a wand of acid (6)
 X - a wand of clouds (10)
Scrolls
 i - 5 scrolls of teleportation
 k - a scroll of fear
 t - 5 scrolls of amnesia
 F - 5 scrolls of fog
 G - 4 scrolls of remove curse
 J - 3 scrolls of identify
 M - a scroll of magic mapping
 O - a scroll of acquirement {unknown}
 V - a scroll of enchant armour
Potions
 d - a potion of might
 p - 7 potions of lignification
 x - 2 potions of haste
 A - a potion of brilliance
 C - 2 potions of magic
 R - a potion of flight
 W - 2 potions of resistance
Books
 l - a book of Maledictions

   Spells                             Type                      Level
   a - Corona                         Hexes                        1
   b - Ensorcelled Hibernation        Hexes/Ice                    2
   c - Confuse                        Hexes                        3
   d - Tukima's Dance                 Hexes                        3
   e - Dazzling Spray                 Conjuration/Hexes            3
 B - a book of Geomancy

   Spells                             Type                      Level
   a - Sandblast                      Earth                        1
   b - Passwall                       Transmutation/Earth          2
   c - Stone Arrow                    Conjuration/Earth            3
   d - Petrify                        Transmutation/Earth          4
   e - Lee's Rapid Deconstruction     Earth                        5
 N - a book of Misfortune

   Spells                             Type                      Level
   a - Confusing Touch                Hexes                        1
   b - Confuse                        Hexes                        3
   c - Gell's Gravitas                Translocation                3
   d - Petrify                        Transmutation/Earth          4
   e - Metabolic Englaciation         Hexes/Ice                    5
   f - Yara's Violent Unravelling     Hexes/Transmutation          5
 T - a Young Poisoner's Handbook

   Spells                             Type                      Level
   a - Sting                          Conjuration/Poison           1
   b - Poisonous Vapours              Poison/Air                   2
   c - Mephitic Cloud                 Conjuration/Poison/Air       3
   d - Olgreb's Toxic Radiance        Poison                       4
   e - Venom Bolt                     Conjuration/Poison           5
Comestibles
 f - 16 rations


   Skills:
 + Level 14.7 Fighting
 - Level 14.0 Maces & Flails
 + Level 14.7 Armour
 + Level 14.7 Shields


You had 13 spell levels left.
You didn't know any spells.

Dungeon Overview and Level Annotations

Branches:
Dungeon (12/15)            Temple (1/1) D:6            Lair (0/6) D:11
    Orc (2/2) D:12            Elf (1/3) Orc:2

Altars:
Ashenzari
Cheibriados
Dithmenos
Elyvilon
Hepliaklqana
Kikubaaqudgha
Qazlal
Ru
Sif Muna
Uskayaw
Vehumet
Wu Jian
Yredelemnul
Beogh

Shops:
Orc:1 %   Orc:2 *[:(

Annotations:
Elf:1 Aizul


Innate Abilities, Weirdness & Mutations

You reflexively headbutt those who attack you in melee.
You have a pair of horns on your head.
You have large cloven feet.
You are partially covered in yellow scales. (AC +2)
Your body sometimes deteriorates upon taking damage.
You are occasionally teleported next to monsters.


Message History

The bolt of poison hits you!
You are more poisoned.
* * * LOW HITPOINT WARNING * * *
Your body deteriorates!
You feel clumsy.
You closely miss Aizul. Your kick misses Aizul.
Aizul is heavily wounded.
* * * LOW HITPOINT WARNING * * *
You feel very sick. You block Aizul's attack.
Unknown command.
Okay, then.
As you read the scroll of fear, it crumbles to dust.
You assume a fearsome visage.
Aizul resists with some effort.
* * * LOW HITPOINT WARNING * * *
You feel extremely sick. Aizul casts a spell at you. The poison arrow hits you!
You are more poisoned.
* * * LOW MAGIC WARNING * * *
You die...

+.....=...# #
#.........# #
#.........## # ###
##'#.....##'####
#.###.####.#####.##.
##.##.## ### ##'..
#.§.'####### #...
##.§.§S...... +...
#....@# #... #...§.#
##.. ####'## ##. #.#
## #.# #.# # #.#
##.... #.# ....8.
..#


You could see Aizul.

Vanquished Creatures
  Saint Roka (Orc:1)
  An orc warlord (Orc:2)
  A deep elf annihilator (Elf:1)
  Erolcha (D:9)
  5 two-headed ogres
  2 dancing weapons (Elf:1)
  A death knight (D:11)
  4 orc high priests (Orc:2)
  Sonja (Orc:1)
  The ghost of Gargoyl the Shield-Bearer, a novice CeAK of Lugonu (D:8)
  A wizard (Elf:1)
  A deep elf archer (Elf:1)
  6 orc knights
  4 orc sorcerers (Orc:2)
  2 ugly things (D:11)
  A manticore (D:11)
  A cyclops (D:12)
  11 deep elf magi (Elf:1)
  Joseph (D:7)
  Psyche (D:11)
  A gargoyle (D:12)
  2 ice devils (Orc:2)
  A tengu conjurer (Elf:1)
  9 trolls
  4 hippogriffs
  A vampire (D:12)
  A spriggan (D:7)
  3 wyverns
  8 yaks (D:9)
  A wraith (D:7)
  A basilisk (shapeshifter) (D:9)
  Eustachio (D:6)
  Grum (D:9)
  2 hungry ghosts
  5 wargs
  35 orc warriors
  6 necrophages
  An ice beast (D:8)
  2 phantoms
  4 sky beasts
  2 wolves (D:9)
  9 ogres
  4 centaurs
  A big kobold (D:7)
  An elf zombie (D:7)
  Blork the orc (D:5)
  5 bullfrogs
  4 elf skeletons (D:7)
  2 wyvern skeletons (D:10)
  A water moccasin skeleton (D:6)
  18 scorpions
  4 killer bees (D:10)
  A troll skeleton (D:7)
  11 wights
  5 howler monkeys
  4 bullfrog zombies
  3 centaur zombies
  2 quasits
  5 crimson imps
  8 human zombies
  9 jellies
  22 orc priests
  6 hounds
  Crazy Yiuf (D:2)
  2 bullfrog skeletons
  4 centaur skeletons
  34 orc wizards
  2 human skeletons (D:7)
  4 iguanas
  10 worker ants
  3 big kobold zombies (Ossuary)
  2 hound zombies
  5 mummies
  Robin (D:2)
  8 gnolls
  A howler monkey skeleton (D:4)
  9 adders
  4 scorpion zombies (Ossuary)
  A shadow imp (D:6)
  An ooze (D:2)
  An adder zombie (D:7)
  An adder skeleton (D:4)
  A worm (D:2)
  A dart slug (D:1)
  3 leopard geckos
  118 orcs
  2 ball pythons
  2 giant cockroaches
  A gnoll zombie (Ossuary)
  11 hobgoblins
  15 jackals
  8 kobolds
  3 quokkas
  7 bats
  A frilled lizard (D:5)
  17 goblins
  A goblin zombie (Ossuary)
  A hobgoblin zombie (Ossuary)
  A jackal zombie (D:5)
  2 orc skeletons (D:7)
  4 orc zombies
  A quokka skeleton (D:9)
  5 rats
563 creatures vanquished.

Vanquished Creatures (others)
  An orc wizard (D:10)
  An orc (Orc:2)
  A quokka (D:6)
3 creatures vanquished.

Grand Total: 566 creatures vanquished

Notes
Turn   | Place    | Note
-------+----------+-------------------------------------------
     0 | D:1      | Htamos the Minotaur Fighter began the quest for the Orb.
     0 | D:1      | Reached XP level 1. HP: 19/19 MP: 0/0
   382 | D:1      | Reached XP level 2. HP: 26/26 MP: 1/1
   970 | D:2      | Reached XP level 3. HP: 31/31 MP: 2/2
  1238 | D:2      | Reached skill level 5 in Maces & Flails
  1251 | D:2      | Noticed Robin
  1259 | D:2      | Killed Robin
  1259 | D:2      | Reached XP level 4. HP: 29/39 MP: 3/3
  1581 | D:2      | Found a runed door.
  1892 | D:2      | Reached XP level 5. HP: 44/45 MP: 4/4
  1964 | D:2      | Found an ornate altar of the Wu Jian Council.
  2123 | D:2      | Noticed Crazy Yiuf
  2132 | D:2      | Killed Crazy Yiuf
  2812 | D:3      | Reached XP level 6. HP: 45/51 MP: 5/5
  4460 | D:5      | Entered Level 5 of the Dungeon
  4612 | D:5      | Noticed Blork the orc
  4620 | D:5      | Killed Blork the orc
  4620 | D:5      | Reached XP level 7. HP: 46/57 MP: 6/6
  4710 | D:5      | Found a shattered altar of Ashenzari.
  4919 | D:5      | Reached skill level 10 in Maces & Flails
  5612 | D:6      | Noticed Eustachio
  5625 | D:6      | Killed Eustachio
  5625 | D:6      | Reached XP level 8. HP: 64/66 MP: 7/7
  5951 | D:6      | Found a staircase to the Ecumenical Temple.
  5958 | Temple   | Entered the Ecumenical Temple
  5974 | Temple   | Became a worshipper of Qazlal Stormbringer
  6086 | D:6      | Found a white marble altar of Elyvilon.
  6144 | D:6      | Reached skill level 5 in Armour
  6144 | D:6      | Reached skill level 5 in Shields
  6183 | D:6      | Reached skill level 5 in Fighting
  6935 | D:7      | Reached * piety under Qazlal
  6995 | D:7      | Reached XP level 9. HP: 66/75 MP: 8/8
  7260 | D:7      | Found a sand-covered staircase.
  7268 | Ossuary  | Entered an ossuary
  7327 | Ossuary  | Reached ** piety under Qazlal
  7839 | D:7      | Reached *** piety under Qazlal
  7969 | D:7      | Noticed Joseph
  7982 | D:7      | Killed Joseph
  7982 | D:7      | Reached XP level 10. HP: 80/87 MP: 9/9
  8138 | D:7      | Found an ancient bone altar of Kikubaaqudgha.
  8278 | D:8      | Noticed Gargoyl's ghost (novice CeAK)
  8320 | D:8      | Reached **** piety under Qazlal
  8336 | D:8      | Killed Gargoyl's ghost
  8646 | D:8      | Noticed a two-headed ogre
  8983 | D:8      | Killed a two-headed ogre
  9001 | D:8      | Noticed a two-headed ogre
  9010 | D:8      | Killed a two-headed ogre
  9130 | D:8      | Reached XP level 11. HP: 86/95 MP: 10/10
 10139 | D:9      | Noticed a two-headed ogre
 10147 | D:9      | Killed a two-headed ogre
 10218 | D:9      | Noticed Erolcha
 10236 | D:9      | Killed Erolcha
 10236 | D:9      | Reached skill level 10 in Armour
 10236 | D:9      | Reached skill level 10 in Shields
 10375 | D:9      | Reached skill level 10 in Fighting
 10496 | D:9      | Reached ***** piety under Qazlal
 10634 | D:9      | Noticed Grum
 10644 | D:9      | Killed Grum
 10935 | D:9      | Found a deep blue altar of Sif Muna.
 11278 | D:10     | Entered Level 10 of the Dungeon
 11999 | D:11     | Noticed Psyche
 12008 | D:11     | Killed Psyche
 12033 | D:11     | Noticed a death knight
 12407 | D:11     | Killed a death knight
 12410 | D:11     | Noticed a red ugly thing
 12419 | D:11     | Killed a red ugly thing
 12420 | D:11     | Gained mutation: Your body sometimes deteriorates upon taking damage. [potion of mutation]
 12420 | D:11     | Gained mutation: You are occasionally teleported next to monsters. [potion of mutation]
 12420 | D:11     | Gained mutation: Your mind is acute. (Int +2) [potion of mutation]
 12420 | D:11     | Gained mutation: You have a pair of large horns on your head. [potion of mutation]
 12442 | D:11     | Noticed a two-headed ogre
 12445 | D:11     | Killed a two-headed ogre
 12445 | D:11     | Reached XP level 12. HP: 34/110 MP: 11/11
 13068 | D:11     | Found a staircase to the Lair.
 13470 | D:11     | Got a translucent hunting sling
 13471 | D:11     | Identified the +3 hunting sling of Tiobuwnu {speed, rC+ Str+4 Stlth+} (You found it on level 11 of the Dungeon)
 13513 | D:12     | Noticed a two-headed ogre
 13516 | D:12     | Lost mutation: You have a pair of large horns on your head. [potion of mutation]
 13516 | D:12     | Lost mutation: Your mind is acute. (Int +2) [potion of mutation]
 13516 | D:12     | Lost mutation: Your body sometimes deteriorates upon taking damage. [potion of mutation]
 13516 | D:12     | Gained mutation: You are frail. (-10% HP) [potion of mutation]
 13516 | D:12     | Gained mutation: Your spells are a little easier to cast, but a little less powerful. [potion of mutation]
 13516 | D:12     | Lost mutation: Your spells are a little easier to cast, but a little less powerful. [potion of mutation]
 13516 | D:12     | Gained mutation: Your muscles are strong. (Str +2) [potion of mutation]
 13517 | D:12     | Lost mutation: You are frail. (-10% HP) [potion of mutation]
 13517 | D:12     | Lost mutation: You are occasionally teleported next to monsters. [potion of mutation]
 13517 | D:12     | Lost mutation: Your muscles are strong. (Str +2) [potion of mutation]
 13517 | D:12     | Gained mutation: You are occasionally teleported next to monsters. [potion of mutation]
 13517 | D:12     | Gained mutation: You have large cloven feet. [potion of mutation]
 13517 | D:12     | Gained mutation: Your body sometimes deteriorates upon taking damage. [potion of mutation]
 13517 | D:12     | Gained mutation: You are partially covered in yellow scales. (AC +2) [potion of mutation]
 13589 | D:12     | Killed a two-headed ogre
 13944 | D:12     | Reached ****** piety under Qazlal
 13957 | D:12     | Found a staircase to the Orcish Mines.
 14245 | Orc:1    | Entered Level 1 of the Orcish Mines
 14584 | Orc:1    | Found Irubb's Food Emporium.
 14658 | Orc:2    | Entered Level 2 of the Orcish Mines
 14660 | Orc:2    | Noticed Sonja
 14666 | Orc:2    | Noticed Saint Roka
 15021 | Orc:1    | Killed Sonja
 15713 | Orc:1    | Killed Saint Roka
 15713 | Orc:1    | Reached XP level 13. HP: 52/122 MP: 12/12
 16049 | Orc:2    | Found a roughly hewn altar of Beogh.
 16179 | Orc:2    | Noticed an orc warlord
 16201 | Orc:2    | Killed an orc warlord
 16476 | Orc:2    | Found a roughly hewn altar of Beogh.
 16587 | Orc:2    | Paralysed by an orc sorcerer for 7 turns
 17029 | Orc:2    | Found Leroleog's General Store.
 17030 | Orc:2    | Found Jubaong's Book Emporium.
 17031 | Orc:2    | Found Ycwaar's Antique Armour Emporium.
 17031 | Orc:2    | Found Keogyh's Antique Weapon Shoppe.
 17080 | Orc:2    | Found a staircase to the Elven Halls.
 17629 | Orc:2    | Bought the +2 hat of the Bear Spirit {Spirit, +Rage rN+ MR++} for 977 gold pieces
 17629 | Orc:2    | Found the +2 hat of the Bear Spirit {Spirit, +Rage rN+ MR++}
 17669 | Elf:1    | Entered Level 1 of the Elven Halls
 17740 | Elf:1    | Noticed a deep elf annihilator
 17750 | Elf:1    | Killed a deep elf annihilator
 18141 | Elf:1    | Reached XP level 14. HP: 109/133 MP: 9/13
 18262 | Elf:1    | Noticed Aizul
 18276 | Elf:1    | Killed from afar by Aizul

Skill      XL: |  1  2  3  4  5  6  7  8  9 10 11 12 13 |
---------------+----------------------------------------+-----
Maces & Flails | 3 4 5 6 7 9 11 12 13 14 | 14.0
Fighting       | 4 5 7 9 11 13 14 | 14.7
Armour         | 4 5 7 9 11 13 14 | 14.7
Shields        | 4 5 7 9 11 13 14 | 14.7

Action                   |  1- 3 |  4- 6 |  7- 9 | 10-12 | 13-15 || total
-------------------------+-------+-------+-------+-------+-------++-------
Melee: Flail             |    96 |   183 |   397 |   639 |   298 ||  1613
       Headbutt          |     9 |    32 |   100 |   133 |    54 ||   328
       Kick              |       |       |       |    43 |    97 ||   140
Evoke: Wand              |       |     2 |    20 |     2 |     1 ||    25
  Use: Scroll            |       |     5 |     1 |    18 |     3 ||    27
       Potion            |       |       |       |    19 |     7 ||    26
 Stab: Distracted        |       |       |     1 |       |       ||     1
       Paralysed         |       |       |     8 |       |       ||     8
  Eat: Chunk             |     1 |    11 |     8 |    19 |     1 ||    40
       Ration            |       |       |     1 |     2 |     2 ||     5
Armor: Scale mail        |    28 |       |       |       |       ||    28
       Plate armour      |    20 |   114 |   155 |   174 |    80 ||   543
       Skin              |       |       |       |     2 |       ||     2
Dodge: Dodged            |    25 |    25 |    41 |    52 |    15 ||   158
       Deflected         |       |       |       |     5 |     2 ||     7
Block: Shield            |    44 |    95 |   138 |   108 |       ||   385
       Large shield      |       |       |       |   438 |   289 ||   727
